 Dungeon Crawl Stone Soup version 0.30.0-10-gfe55d96785 (webtiles) character file.

Game seed: 9933314334960437648

1446 qw the Cleaver (level 8, -17/52 HPs)
             Began as a Gargoyle Cinder Acolyte on May 17, 2023.
             Was a Priest of Ignis.
             Killed from afar by an acid dragon (19 damage)
             ... with a splash of acid
             ... on level 9 of the Dungeon.
             The game lasted 00:02:30 (4876 turns).

qw the Cleaver (Gargoyle Cinder Acolyte)            Turns: 4876, Time: 00:02:31

Health: -17/52     AC: 24    Str: 21    XL:     8   Next: 75%
Magic:  9/9        EV:  8    Int: 14    God:    Ignis [***...]
Gold:   252        SH:  0    Dex:  5    Spells: 9/9 levels left

rFire   + . .        Y - -1 hand axe (venom)
rCold   + . .        (no shield)
rNeg    + . .        l - +0 chain mail
rPois   inf          (no helmet)
rElec   +            (no cloak)
rCorr   .            (no gloves)
SInv    .            b - +1 pair of boots
Will    .....        (no amulet) Stlth
                     f - ring of protection from cold
HPRegen 0.28/turn    (no ring)
MPRegen 0.11/turn

%: no passive effects
@: about to teleport, fiery-armoured
A: sickness immunity, AC +5, negative energy resistance 1, electricity
resistance, torment resistance 1, petrification resistance
a: Renounce Religion, Fiery Armour, Foxfire Swarm, Rising Flame


You were on level 9 of the Dungeon.
You worshipped Ignis.
Ignis was most pleased with you.
You visited 1 branch of the dungeon, and saw 7 of its levels.

You collected 252 gold pieces.


Innate Abilities, Weirdness & Mutations

You are immune to sickness and miasma.
Your stone body is resilient. (AC +5)
You are immune to poison.
You resist negative energy. (rN+)
You are resistant to electric shocks. (rElec)
You are resistant to unholy torment.
You are immune to petrification.


   Skills:
 - Level 6.4 Fighting
 + Level 8.1 Axes
 - Level 4.2 Armour
 - Level 1.0 Spellcasting
 - Level 3.0 Fire Magic


You had 9 spell levels left.
You didn't know any spells.
Your spell library contained the following spells:

 Spells                   Type           Power      Damage    Failure   Level
 Scorch                   Fire           18%        2d6       61%         2

Inventory:

Hand Weapons
 m - a +2 flail of protection
 Y - a -1 hand axe of venom (weapon)
Armour
 b - a +1 pair of boots (worn)
 l - a +0 chain mail (worn)
Jewellery
 f - a ring of protection from cold (left hand)
Scrolls
 a - 2 scrolls of identify
 d - 3 scrolls of teleportation
 i - a scroll of enchant weapon {unknown}
Potions
 c - a potion of mutation
 e - a potion of cancellation
 g - a potion of curing
 h - a potion of haste

Dungeon Overview and Level Annotations

Branches:
Dungeon (9/15)             Temple (0/1) D:5
   Lair: D:8-11         Orc: D:9-12

Altars:
Gozag
Hepliaklqana
Uskayaw
Vehumet


Message History

The acid dragon bites you but does no damage.
The acid dragon is burned by your cloak of flames.
The acid dragon is moderately wounded.
The acid dragon claws you but does no damage.
The acid dragon is burned by your cloak of flames.
The acid dragon is heavily wounded.
You hit the acid dragon but do no damage.
The acid dragon is poisoned.
The acid dragon is heavily wounded.
You hit the howler monkey but do no damage.
The howler monkey is poisoned.
You closely miss the hornet.
The howler monkey hits you but does no damage.
The howler monkey is burned by your cloak of flames.
The howler monkey is severely wounded.
The hornet closely misses you.
The howler monkey hits you but does no damage.
The howler monkey is burned by your cloak of flames.
The howler monkey is almost dead.
You barely miss the howler monkey.
The howler monkey is almost dead.
You closely miss the hornet.
You hit the acid dragon but do no damage.
You kill the howler monkey!
The hornet stings you.
The hornet is burned by your cloak of flames.
The hornet is moderately wounded.
The acid dragon barely misses you.
The acid dragon claws you but does no damage.
The acid dragon is burned by your cloak of flames.
The acid dragon is severely wounded.
The hornet stings you but does no damage.
The hornet is burned by your cloak of flames.
The hornet is heavily wounded.
4876 ||| READING 4 scrolls of teleportation.
As you read the scroll of teleportation, it crumbles to dust.
You feel strangely unstable. The hornet stings you!
The acid dragon spits acid at you. The splash of acid hits you!!
You die...

.. .. .. ###
.
####<######.
.#
#...........
.# #...@y..#
#...%D$.#
#...$.......
#......#####
........#
##.###.###
#. #.# #.
..>


You could see a hornet and an acid dragon (very poisoned, catching breath).

Vanquished Creatures
  A hornet (D:9)
  Eustachio (D:5)
  A black bear (D:9)
  An ogre (D:4)
  A phantom (D:6)
  Blork the orc (D:5)
  4 scorpions (D:5)
  2 howler monkeys
  3 hounds (D:5)
  A sleepcap (D:5)
  2 orc priests
  3 jellies
  Jessica (D:3)
  An iguana (D:5)
  An orc wizard (D:6)
  4 gnolls (D:4)
  2 adders (D:3)
  5 dart slugs
  7 orcs
  4 ball pythons
  13 endoplasms
  2 giant cockroaches (D:2)
  2 goblins (D:2)
  4 hobgoblins
  2 jackals (D:1)
  A quokka (D:1)
  8 bats
  A frilled lizard (D:1)
  12 kobolds
  6 rats
97 creatures vanquished.

Notes
Turn   | Place    | Note
-------+----------+-------------------------------------------
     0 | D:1      | qw the Gargoyle Cinder Acolyte began the quest for the Orb.
     0 | D:1      | Reached XP level 1. HP: 14/14 MP: 2/2
     0 | D:1      | 0 ||| qw: Version: 0.2-a-95-g816fdde
     0 | D:1      | 0 ||| qw: Game counter: 75
     0 | D:1      | 0 ||| qw: Always use a shield: true
     0 | D:1      | 0 ||| qw: God list: Okawaru
     0 | D:1      | 0 ||| qw: Allow faded altars: false
     0 | D:1      | 0 ||| qw: Do Orc after D:15 true
     0 | D:1      | 0 ||| qw: Do second Lair branch before Depths: true
     0 | D:1      | 0 ||| qw: Lair rune preference: random
     0 | D:1      | 0 ||| qw: Plans: Normal
     0 | D:1      | 0 ||| PLANNING D:1-11
    48 | D:1      | 48 ||| Stepping ~*~*~tactically~*~*~ (stealth).
    57 | D:1      | Reached skill level 3 in Axes
   113 | D:1      | Reached XP level 2. HP: 19/19 MP: 3/3
   230 | D:1      | 230 ||| Stepping ~*~*~tactically~*~*~ (stealth).
   232 | D:1      | 232 ||| Stepping ~*~*~tactically~*~*~ (hiding).
   595 | D:1      | 595 ||| UPGRADING to +0 leather armour.
   605 | D:1      | 605 ||| DROPPING +0 robe.
   606 | D:1      | 606 ||| READING 4 scrolls labelled OXAXOL MOIGGYA.
   607 | D:1      | 607 ||| READING 3 scrolls labelled LITIRO MUFIUCI.
   661 | D:2      | Reached XP level 3. HP: 21/23 MP: 4/4
   697 | D:2      | 697 ||| Stepping ~*~*~tactically~*~*~ (stealth).
  1064 | D:2      | Found a faded altar of an unknown god.
  1066 | D:2      | 1066 ||| Stepping ~*~*~tactically~*~*~ (stealth).
  1134 | D:2      | Reached skill level 4 in Axes
  1343 | D:2      | 1343 ||| INVOKING Fiery Armour.
  1378 | D:2      | Reached XP level 4. HP: 27/28 MP: 5/5
  1390 | D:2      | 1390 ||| Stepping ~*~*~tactically~*~*~ (stealth).
  1402 | D:2      | Reached skill level 5 in Axes
  1410 | D:2      | 1410 ||| Stepping ~*~*~tactically~*~*~ (stealth).
  1743 | D:2      | 1743 ||| UPGRADING to +1 pair of boots.
  1748 | D:2      | 1748 ||| UPGRADING to ring of protection from cold.
  1749 | D:2      | 1749 ||| READING scroll labelled UGEZUOTOBA.
  1750 | D:2      | 1750 ||| READING scroll labelled ZUQOMA YRATIH.
  1751 | D:2      | 1751 ||| READING scroll labelled LIARCH ORONYXEGG.
  1752 | D:2      | 1752 ||| READING scroll labelled ZOCIMANK ZIAC.
  1840 | D:2      | 1840 ||| DROPPING +0 club.
  1841 | D:2      | 1841 ||| READING 4 scrolls of identify.
  1841 | D:2      | 1841 ||| IDENTIFYING fuming purple potion
  1897 | D:3      | Reached XP level 5. HP: 29/32 MP: 6/6
  1898 | D:3      | Reached skill level 1 in Armour
  1910 | D:3      | 1910 ||| Stepping ~*~*~tactically~*~*~ (hiding).
  1913 | D:3      | 1913 ||| Stepping ~*~*~tactically~*~*~ (hiding).
  1958 | D:3      | Noticed Jessica
  1967 | D:3      | Killed Jessica
  1984 | D:3      | Found an opulent altar of Gozag.
  2046 | D:3      | Found a hide-covered altar of Uskayaw.
  2053 | D:3      | 2053 ||| Stepping ~*~*~tactically~*~*~ (hiding).
  2113 | D:3      | 2113 ||| DROPPING +0 whip.
  2125 | D:3      | 2125 ||| Stepping ~*~*~tactically~*~*~ (hiding).
  2236 | D:3      | Found a faded altar of an unknown god.
  2240 | D:3      | Found a hazy altar of Hepliaklqana.
  2318 | D:3      | 2318 ||| Stepping ~*~*~tactically~*~*~ (hiding).
  2320 | D:3      | 2320 ||| Stepping ~*~*~tactically~*~*~ (hiding).
  2453 | D:3      | 2453 ||| UPGRADING to +0 ring mail.
  2463 | D:3      | 2463 ||| DROPPING +0 leather armour.
  2464 | D:3      | 2464 ||| READING scroll labelled BINKEKL ITIGY.
  2465 | D:3      | 2465 ||| READING 3 scrolls of identify.
  2465 | D:3      | 2465 ||| IDENTIFYING coppery potion
  2466 | D:3      | 2466 ||| DROPPING potion of degeneration.
  2513 | D:4      | 2513 ||| STAIRDANCE
  2527 | D:4      | Noticed an ogre
  2529 | D:4      | 2529 ||| Stepping ~*~*~tactically~*~*~ (stealth).
  2534 | D:4      | HP: 6/33 [ogre/+0 giant club (15)]
  2535 | D:4      | 2535 ||| READING 3 scrolls of teleportation.
  2536 | D:4      | 2536 ||| INVOKING Fiery Armour.
  3021 | D:4      | 3021 ||| Stepping ~*~*~tactically~*~*~ (stealth).
  3022 | D:4      | 3022 ||| Stepping ~*~*~tactically~*~*~ (stealth).
  3032 | D:4      | Killed an ogre
  3033 | D:4      | Reached XP level 6. HP: 23/38 MP: 7/7
  3091 | D:4      | 3091 ||| INVOKING Fiery Armour.
  3094 | D:4      | Reached skill level 6 in Axes
  3135 | D:4      | 3135 ||| DROPPING +0 flail.
  3384 | D:4      | Found a radiant altar of Vehumet.
  3450 | D:4      | 3450 ||| READING scroll labelled UKUEXIQ ATIRAEMA.
  3451 | D:4      | 3451 ||| DRINKING 2 sedimented coppery potions.
  3452 | D:4      | 3452 ||| DRINKING 2 gluggy blue potions.
  3453 | D:4      | 3453 ||| DRINKING 2 metallic pink potions.
  3454 | D:4      | 3454 ||| READING 5 scrolls of identify.
  3454 | D:4      | 3454 ||| IDENTIFYING fizzy cyan potion
  3455 | D:4      | 3455 ||| READING 4 scrolls of identify.
  3455 | D:4      | 3455 ||| IDENTIFYING fuming orange potion
  3456 | D:4      | 3456 ||| READING 3 scrolls of identify.
  3456 | D:4      | 3456 ||| IDENTIFYING yellow potion
  3457 | D:4      | 3457 ||| DROPPING potion of flight.
  3458 | D:4      | 3458 ||| DROPPING potion of invisibility.
  3459 | D:4      | 3459 ||| DROPPING potion of brilliance.
  3460 | D:4      | 3460 ||| DROPPING potion of attraction.
  3493 | D:5      | Entered Level 5 of the Dungeon
  3495 | D:5      | Noticed Eustachio
  3496 | D:5      | 3496 ||| Stepping ~*~*~tactically~*~*~ (stealth).
  3497 | D:5      | 3497 ||| Stepping ~*~*~tactically~*~*~ (stealth).
  3499 | D:5      | 3499 ||| Stepping ~*~*~tactically~*~*~ (stealth).
  3507 | D:5      | 3507 ||| INVOKING Fiery Armour.
  3535 | D:5      | Killed Eustachio
  3536 | D:5      | Reached skill level 7 in Axes
  3536 | D:5      | Reached XP level 7. HP: 17/43 MP: 8/8
  3649 | D:5      | 3649 ||| Stepping ~*~*~tactically~*~*~ (stealth).
  3650 | D:5      | 3650 ||| Stepping ~*~*~tactically~*~*~ (stealth).
  3791 | D:5      | 3791 ||| INVOKING Fiery Armour.
  4083 | D:5      | Noticed Blork the orc
  4099 | D:5      | Killed Blork the orc
  4308 | D:5      | Found a staircase to the Ecumenical Temple.
  4394 | D:5      | Reached XP level 8. HP: 49/49 MP: 9/9
  4676 | D:5      | 4676 ||| UPGRADING to +0 chain mail.
  4686 | D:5      | 4686 ||| DROPPING +0 ring mail.
  4687 | D:5      | 4687 ||| READING scroll labelled VUVEAF BIEKUIV.
  4688 | D:5      | 4688 ||| READING scroll labelled DOUTWOPIDA.
  4689 | D:5      | 4689 ||| DRINKING 2 puce potions.
  4748 | D:6      | Reached skill level 3 in Armour
  4764 | D:6      | 4764 ||| Stepping ~*~*~tactically~*~*~ (stealth).
  4777 | D:6      | Reached skill level 8 in Axes
  4817 | D:6      | You fall into a shaft and drop 3 floors!
  4828 | D:9      | Noticed a hornet
  4839 | D:9      | 4839 ||| INVOKING Fiery Armour.
  4840 | D:9      | Killed a hornet
  4840 | D:9      | Noticed a yak
  4841 | D:9      | Reached skill level 6 in Fighting
  4841 | D:9      | 4841 ||| Stepping ~*~*~tactically~*~*~ (stealth).
  4848 | D:9      | HP: 8/52 [black bear (9)]
  4862 | D:9      | Noticed a wyvern
  4863 | D:9      | 4863 ||| Stepping ~*~*~tactically~*~*~ (stealth).
  4865 | D:9      | 4865 ||| READING 5 scrolls of teleportation.
  4870 | D:9      | Noticed a hornet
  4875 | D:9      | HP: 12/52 [hornet (3)]
  4876 | D:9      | 4876 ||| READING 4 scrolls of teleportation.
  4876 | D:9      | HP: 2/52 [hornet (10)]
  4876 | D:9      | Killed from afar by an acid dragon

Levels and vault maps discovered:
D:1:      noname_arrival_rooms_in_the_neighbourhood, layout_rooms
D:2:      cheibrodos_fertilizer, layout_loops_corners,
          ebering_ecumenical_altar_petrified
D:3:      layout_rooms, nicolae_uskayaw_dance_hall,
          mainiacjoe_overflow_six_doors_small,
          nicolae_overflow_ecumenical_swirl, kennysheep_crisscross, uniq_jessica
D:4:      layout_cave_pods, lemuel_coloured_pillars_altar, serial_bayou_pond_a,
          minmay_misc_feat_roman
D:5:      layout_basic, minmay_temple_entry_proselytizer, uniq_eustachio,
          uniq_blork_the_orc
D:6:      layout_loops_ring, lemuel_round_altar, nicolae_alphabet_shops,
          amcnicky_mini_rare_corridor_liquid, kennysheep_big_empty_room
D:9:      layout_basic, mainiacjoe_overflow_brackets,
          gammafunk_temple_overflow_pools, david_lair_generic,
          ebering_ghost_funeral_grove

Skill      XL: |  1  2  3  4  5  6  7  8 |
---------------+-------------------------+-----
Axes           | 3 4 5 7 8 |  8.1
Armour         | 1 2 4 |  4.2
Fighting       | 4 5 6 |  6.4
Spellcasting   | |  1.0
Fire Magic     | |  3.0

Action                     |  1- 3 |  4- 6 |  7- 9 || total
---------------------------+-------+-------+-------++-------
  Melee: Hand axe          |   146 |   118 |   145 ||   409
         Punch             |       |     2 |     2 ||     4
 Invoke: Fiery Armour      |     1 |     3 |     2 ||     6
    Use: Scroll            |     2 |    12 |     4 ||    18
         Potion            |       |     3 |     1 ||     4
 Armour: Robe              |    27 |       |       ||    27
         Leather armour    |    36 |    17 |       ||    53
         Ring mail         |       |    23 |    32 ||    55
         Chain mail        |       |       |    45 ||    45
  Dodge: Dodged            |    83 |    44 |    55 ||   182

Table legend:
 A = Non-vault XP
 B = Vault XP
 C = Vault XP percentage of total XP
 D = Non-vault monster count
 E = Vault monster count
 F = Vault count percentage of total count
                 A         B        C        D         E       F
            +---------+---------+-------+---------+---------+-------
      Total |    1462 |     604 |  29.2 |      75 |      22 |  22.7
            +---------+---------+-------+---------+---------+-------
        D:1 |      30 |       0 |   0.0 |      18 |       0 |   0.0
        D:2 |      27 |     107 |  79.9 |      16 |      17 |  51.5
        D:3 |     103 |      37 |  26.4 |      16 |       1 |   5.9
        D:4 |     179 |       0 |   0.0 |       7 |       0 |   0.0
        D:5 |     634 |     327 |  34.0 |      12 |       3 |  20.0
        D:6 |     146 |       0 |   0.0 |       4 |       0 |   0.0
        D:9 |     343 |     133 |  27.9 |       2 |       1 |  33.3
            +---------+---------+-------+---------+---------+-------
